 Dungeon Crawl Stone Soup version 0.20-a0-1078-g4874019 (webtiles) character file.

166 Megalobster the Conjurer (level 5, -1/28 HPs)
             Began as a Deep Elf Conjurer on Apr 30, 2017.
             Killed by nerve-wracking pain
             ... invoked by Grinder
              (12 damage)
             ... on level 3 of the Dungeon.
             The game lasted 00:08:49 (3132 turns).

Megalobster the Conjurer (Deep Elf Conjurer)        Turns: 3132, Time: 00:08:50

Health: -1/28      AC:  3    Str:  5    XL:     5   Next: 22%
Magic:  4/14       EV: 13    Int: 21    God:
Gold:   158        SH:  0    Dex: 15    Spells: 2/13 levels left

rFire    . . .     SeeInvis .   l - +0 dagger
rCold    . . .     Gourm    .   (no shield)
rNeg     . . .     Faith    .   a - +0 robe
rPois    .         Spirit   .   (no helmet)
rElec    .         Reflect  .   (no cloak)
rCorr    .         Harm     .   k - +0 pair of gloves
MR       .....                  (no boots)
Stlth    ++........             (no amulet)
Regen    0.1/turn               (no ring)
MPRegen  0.2/turn               (no ring)

@: no status effects
A: no striking features
a: no special abilities


You were on level 3 of the Dungeon.
You were not hungry.

You visited 1 branch of the dungeon, and saw 3 of its levels.

You collected 158 gold pieces.

Inventory:

Hand Weapons
 l - a +0 dagger (weapon)
Missiles
 h - 91 stones (quivered)
 p - 45 sling bullets
Armour
 a - a +0 robe (worn)
 k - a +0 pair of gloves (worn)
Wands
 r - a wand of paralysis (12/24)
Scrolls
 e - 2 scrolls of identify {unknown}
 g - 2 scrolls of remove curse {unknown}
 i - a scroll of fear {unknown}
 m - a scroll of magic mapping {unknown}
 n - 2 scrolls of teleportation {unknown}
 t - a scroll of blinking {unknown}
 v - a scroll of random uselessness {unknown}
Potions
 d - 2 potions of mutation {unknown}
 f - 2 potions of curing {unknown}
 q - a potion of agility {unknown}
 w - a potion of might {unknown}
Books
 b - a book of Conjurations

   Spells                             Type                      Level
   a - Magic Dart                     Conjuration                  1
   b - Searing Ray                    Conjuration                  2
   c - Dazzling Spray                 Conjuration/Hexes            3
   d - Fulminant Prism                Conjuration/Hexes            4
   e - Force Lance                    Conjuration/Translocation    4
   f - Iskenderun's Mystic Blast      Conjuration                  4
 u - a book of Cantrips

   Spells                             Type                      Level
   a - Confusing Touch                Hexes                        1
   b - Animate Skeleton               Necromancy                   1
   c - Summon Small Mammal            Summoning                    1
   d - Apportation                    Translocation                1
Comestibles
 c - 2 bread rations
 j - 2 fruits
 o - a meat ration
 s - 4 chunks of flesh


   Skills:
 - Level 2.4 Dodging
 - Level 2.4 Stealth
 + Level 4.7 Spellcasting
 * Level 6.0 Conjurations
 + Level 2.4 Hexes


You had 2 spell levels left.
You knew the following spells:

 Your Spells              Type           Power        Failure   Level  Hunger
a - Magic Dart            Conj           ####         1%          1    None
b - Searing Ray           Conj           ####..       1%          2    #......
c - Iskenderun's Mystic   Conj           ####....     9%          4    ####...
d - Fulminant Prism       Conj/Hex       ###.......   19%         4    ####...


Dungeon Overview and Level Annotations

Branches:
Dungeon (3/15)

Altars:
Elyvilon
Ru
Trog

Annotations:
D:3 Grinder


Message History

Aiming: Iskenderun's Mystic Blast
Press: ? - help, Shift-Dir - straight line, f/p - Grinder
Aim: Grinder (moderately wounded)
The orb of energy hits Grinder.
Grinder is heavily wounded.
Grinder barely misses you.
Casting: Iskenderun's Mystic Blast
Confirm with . or Enter, or press ? or * to list all spells.
You don't have enough magic to cast that spell.
You hit Grinder.
Grinder is heavily wounded.
Grinder closely misses you.
You barely miss Grinder.
Grinder is heavily wounded.
Grinder hits you.
You writhe in agony.
Grinder gestures at you. Pain shoots through your body!
Grinder gestures at you. Pain shoots through your body!
You die...

.........###....#.#........
##.## ##.#.._.........
##.###.####.#.......#
##.#.## #........## ##.##
#####...## #5# ##'## #.#
#.# #.# #.# #@# ###.####
#.# #....... #.# #.....#.
... ##.....#. ... #..#.##..
#.### #.###.#..... #.
.......[.##. ##
#####.#.###. #.......


You could see Grinder.

Vanquished Creatures
  Ijyb (D:3)
  4 adders
  An ooze (D:2)
  6 worms
  3 dart slugs
  A leopard gecko (D:1)
  4 orcs (D:3)
  2 ball pythons
  10 bats
  A giant cockroach (D:3)
  5 goblins (D:1)
  9 hobgoblins
  3 jackals (D:2)
  5 kobolds
  3 quokkas
  4 frilled lizards
  12 rats
74 creatures vanquished.

Notes
Turn   | Place    | Note
-------+----------+-------------------------------------------
     0 | D:1      | Megalobster the Deep Elf Conjurer began the quest for the Orb.
     0 | D:1      | Reached XP level 1. HP: 10/10 MP: 6/6
   149 | D:1      | Reached XP level 2. HP: 15/15 MP: 2/8
   381 | D:1      | Learned a level 2 spell: Searing Ray
   578 | D:1      | Reached skill level 5 in Conjurations
   723 | D:1      | Reached XP level 3. HP: 19/19 MP: 5/10
  1507 | D:2      | Reached XP level 4. HP: 23/24 MP: 6/12
  1516 | D:2      | Learned a level 4 spell: Iskenderun's Mystic Blast
  1521 | D:2      | Learned a level 4 spell: Fulminant Prism
  1758 | D:2      | Reached skill level 1 in Hexes
  1832 | D:2      | Found a sacrificial altar of Ru.
  2415 | D:3      | Noticed Ijyb
  2418 | D:3      | Killed Ijyb
  2418 | D:3      | Reached skill level 6 in Conjurations
  2418 | D:3      | Reached XP level 5. HP: 28/28 MP: 4/13
  2818 | D:3      | Found a white marble altar of Elyvilon.
  2984 | D:3      | Found a bloodstained altar of Trog.
  3118 | D:3      | Noticed Grinder
  3132 | D:3      | Killed from afar by Grinder

Vault maps used:
D:1:      lightli_arrival_windingriver
D:2:      old_standard_altar, corexii_corridor_pit, serial_bayou_pond_d,
          kennysheep_generic_room_4
D:3:      lemuel_crystal_altar, elyvilon_altar_4, minmay_misc_feat_doors,
          uniq_grinder, uniq_ijyb

Skill      XL: |  1  2  3  4 |
---------------+-------------+-----
Conjurations   | 5 6 |  6.0
Spellcasting   | 4 |  4.7
Hexes          | 2 |  2.4
Dodging        | |  2.4
Stealth        | |  2.4

Action                   |  1- 3 |  4- 6 || total
-------------------------+-------+-------++-------
Melee: Dagger            |       |     2 ||     2
Throw: Stone             |       |     1 ||     1
 Cast: Magic Dart        |    65 |    55 ||   120
       Searing Ray       |     5 |     5 ||    10
       Iskenderun's Myst |       |     4 ||     4
  Eat: Chunk             |     2 |     3 ||     5
       Royal jelly       |       |     1 ||     1
Armor: Robe              |     4 |       ||     4
Dodge: Dodged            |     8 |    11 ||    19
